 Dungeon Crawl Stone Soup version 0.30-a0-1074-g5db6f66fbb (webtiles) character file.

Game seed: 2415708444821980577

36202 Arzdou the Severer (level 13, -6/118 HPs)
             Began as a Hill Orc Fighter on Apr 12, 2023.
             Was a Believer of Yredelemnul.
             Mangled by a dire elephant (16 damage)
             ... on level 5 of the Lair of Beasts on Apr 13, 2023.
             The game lasted 00:52:14 (16444 turns).

Arzdou the Severer (Hill Orc Fighter)              Turns: 16444, Time: 00:52:17

Health: -6/118     AC: 20    Str: 22    XL:     13   Next: 88%
Magic:  20/20      EV:  8    Int: 10    God:    Yredelemnul [**....]
Gold:   748        SH: 11    Dex: 10    Spells: 5/12 levels left

rFire   + + .      SeeInvis +    s - +1 war axe (vamp)
rCold   + . .      Faith    .    N - +1 kite shield
rNeg    + . .      Spirit   .    e - +0 chain mail {rPois}
rPois   +          Reflect  .    b - +0 helmet {SInv}
rElec   .          Rampage  .    y - scarf {rC+ rF+}
rCorr   .                        w - +0 pair of gloves
Will    +....                    E - +0 pair of boots Stlth
                                 O - amulet of the acrobat
HPRegen 0.39/turn                G - ring of Suson {rF+ rN+ Will+}
MPRegen 0.17/turn                v - +4 ring of protection

@: no status effects
A: no striking features
a: Renounce Religion, Recall Undead Harvest, Dark Bargain


You were on level 5 of the Lair of Beasts.
You worshipped Yredelemnul.
Yredelemnul was aware of your devotion.
You visited 3 branches of the dungeon, and saw 17 of its levels.

You collected 1030 gold pieces.
You spent 282 gold pieces at shops.

Inventory:

Hand Weapons
 a - a +1 war axe of freezing
 s - a +1 vampiric war axe (weapon)
 R - a +0 hand axe of flaming
Missiles
 M - a throwing net (quivered)
Armour
 b - a +0 helmet of see invisible (worn)
 e - a +0 chain mail of poison resistance (worn)
 f - a scarf of repulsion
 w - a +0 pair of gloves (worn)
 y - a scarf of resistance (worn)
 A - a scarf of invisibility
 C - a +0 chain mail
 E - a +0 pair of boots (worn)
 N - a +1 kite shield (worn)
Jewellery
 c - a +4 ring of protection
 h - a +5 ring of evasion
 j - an amulet of guardian spirit
 m - a +6 ring of dexterity
 v - a +4 ring of protection (right hand)
 x - a ring of see invisible
 G - the ring of Suson (left hand) {rF+ rN+ Will+}
   (You found it on level 6 of the Dungeon)

   [ring of positive energy]

   rF:        It protects you from fire.
   rN:        It protects you from negative energy.
   Will:      It increases your willpower.
 L - a ring of positive energy
 O - an amulet of the acrobat (around neck)
 X - a +6 ring of strength
Wands
 D - a wand of digging (2)
 F - a wand of flame (62)
 J - a wand of paralysis (8)
 Q - a wand of roots (8)
 T - a wand of polymorph (8)
 W - a wand of acid (3)
Scrolls
 i - 6 scrolls of poison
 k - 2 scrolls of magic mapping
 l - 6 scrolls of teleportation
 n - 6 scrolls of identify
 u - 5 scrolls of enchant weapon
 B - a scroll of blinking
 P - a scroll of amnesia
 S - 3 scrolls of fog
 Y - a scroll of immolation {unknown}
Potions
 d - a potion of might
 g - a potion of cancellation
 o - 3 potions of magic
 p - 6 potions of degeneration
 q - 5 potions of heal wounds
 r - 4 potions of brilliance
 t - 2 potions of lignification
 z - 2 potions of invisibility
 H - 5 potions of attraction
 I - 2 potions of resistance
 K - 9 potions of curing
 U - a potion of haste {unknown}
 V - a potion of mutation {unknown}
 Z - a potion of ambrosia {unknown}


   Skills:
 + Level 12.1 Fighting
 - Level 18.0 Axes
 + Level 11.7 Armour
 + Level 3.8 Dodging
 + Level 3.6 Stealth
 + Level 9.9 Shields
 * Level 9.6 Invocations
 + Level 1.0 Evocations


You had 5 spell levels left.
You knew the following spells:

 Your Spells              Type           Power      Damage    Failure   Level
a - Passwall              Tmut/Erth      0%         N/A       99%         2
b - Silence               Hex/Air        0%         N/A       100%        5

Your spell library contained the following spells:

 Spells                   Type           Power      Damage    Failure   Level
 Summon Small Mammal      Summ           0%         N/A       98%         1
 Ensorcelled Hibernation  Hex/Ice        0%         N/A       99%         2
 Sublimation of Blood     Necr           0%         N/A       99%         2
 Call Canine Familiar     Summ           0%         N/A       100%        3
 Dazzling Flash           Conj/Hex       0%         N/A       100%        3
 Gell's Gravitas          Tloc           0%         N/A       100%        3
 Ozocubu's Armour         Ice            0%         N/A       100%        3
 Summon Guardian Golem    Hex/Summ       0%         N/A       100%        3
 Swiftness                Air            0%         N/A       100%        3
 Teleport Other           Tloc           0%         N/A       100%        3
 Passage of Golubria      Tloc           0%         N/A       100%        4
 Petrify                  Tmut/Erth      0%         N/A       100%        4
 Agony                    Necr           0%         N/A       100%        5
 Irradiate                Conj/Tmut      0%         3d11      100%        5
 Metabolic Englaciation   Hex/Ice        0%         N/A       100%        5
 Dispersal                Tloc           0%         N/A       100%        6
 Lehudib's Crystal Spear  Conj/Erth      0%         10d2      100%        8
 Simulacrum               Ice/Necr       Unusable   N/A       N/A         6

Dungeon Overview and Level Annotations

Branches:
Dungeon (11/15)            Temple (1/1) D:5            Lair (5/5) D:9
  Swamp (0/4) Lair:3        Snake (0/4) Lair:2        Slime (0/5) Lair:4
    Orc: D:9-12

Altars:
Ashenzari
Cheibriados
Dithmenos
Elyvilon
Fedhas
Gozag
Hepliaklqana
Kikubaaqudgha
Makhleb
Nemelex Xobeh
Okawaru
Qazlal
Ru
Sif Muna
Trog
Uskayaw
Vehumet
Wu Jian
Xom
Yredelemnul
Zin
The Shining One

Shops:
D:5 *   D:6 [:[[

Annotations:
Lair:2 1 runed translucent door, bmj180's ghost, journeyman MfIE
Lair:3 2 transporters, Pyga's ghost, journeyman DrCj


Message History

You stumble backwards!
Found an orc skeleton and a morningstar.
Unknown command.
You hit the deep troll shaman but do no damage.
The deep troll shaman is moderately wounded.
You slash the dire elephant!
Your elephant zombie tramples the dire elephant but does no damage.
Your elephant zombie trunk-slaps the dire elephant but does no damage.
The deep troll shaman completely misses you.
You block the deep troll shaman's attack.
The deep troll shaman claws you but does no damage.
The dire elephant tramples you!!
You hold your ground!
The dire elephant trunk-slaps you!
You slice the deep troll shaman!!
The deep troll shaman is almost dead.
You hit the dire elephant but do no damage.
Your elephant zombie tramples the dire elephant!
The dire elephant holds its ground!
Your elephant zombie trunk-slaps the dire elephant but does no damage.
You closely miss the deep troll shaman.
The deep troll shaman is almost dead.
You hit the dire elephant.
You feel better. You block the dire elephant's attack.
The dire elephant trunk-slaps you. The deep troll shaman bites you!!
* * * LOW HITPOINT WARNING * * *
The deep troll shaman claws you but does no damage.
You block the deep troll shaman's attack.
You hit the deep troll shaman.
The deep troll shaman is almost dead.
You completely miss the dire elephant. The dire elephant tramples you!!
* * * LOW HITPOINT WARNING * * *
You stumble backwards!
Found an orc skeleton, a runed plate armour and 20 gold pieces.
You slash the deep troll shaman!
You kill the deep troll shaman!
You hit the dire elephant.
The dead are walking!
You can now trade souls for undead servants.
The dire elephant tramples you!
You die...
Your body rises from the dead as a mindless zombie.

.##..# #...P## ..#.##
$[...##....# ..#)##
).8.8.#..÷.#
.##..##??...÷..##...#
.#...##!........#...#
##...#).8.÷8..8.##..#
#....##.÷. ....÷.#..##
#.....#.... #..÷#...#
#.....#.8..####.@#..P#
#.....#.....#..Y.#Z♣.#
##..÷.##.8.....ZZ#Z.P#
~##....#..÷.....##..##
P.##..Z###......#..##
...#.....###....#.##
...##♣.....##.....##
..#.##..♣..Z##..P.P#
.#.#####.........♣.#


You could see a dire elephant (ally target), a friendly elephant zombie and a
friendly deep troll shaman zombie.

Vanquished Creatures
  Josephine (Lair:5)
  A hydra (Lair:5)
  A catoblepas (Lair:5)
  A deep troll shaman (Lair:5)
  2 death yaks
  The ghost of hackum the Nimble, a novice OpGl of Okawaru (D:8)
  A skyshark (Lair:3)
  7 elephants
  A black mamba (Lair:5)
  11 cane toads
  2 rime drakes
  6 komodo dragons
  Prince Ribbit (D:6)
  4 polar bears
  2 dream sheep
  Sigmund (D:6)
  31 yaks
  3 wraiths
  3 wyverns
  2 basilisks
  A vampire (D:10)
  Menkaure (D:4)
  12 water moccasins
  2 orc warriors
  2 sky beasts
  3 black bears
  3 ice beasts
  7 wolves
  3 ogres
  5 centaurs
  A kobold brigand (D:9)
  10 bullfrogs
  A gnoll sergeant (D:8)
  2 scorpions
  4 wights (D:8)
  A yak zombie (D:9)
  A killer bee (D:9)
  3 howler monkeys
  4 electric eels
  A lava snake (Lair:2)
  4 jellies
  11 orc priests
  A hound (D:7)
  An iguana (D:4)
  A sleepcap (D:6)
  4 hell rats (Lair:1)
  13 orc wizards
  9 gnolls
  10 adders
  2 white imps
  5 dart slugs
  40 orcs
  8 endoplasms
  4 giant cockroaches
  2 goblins (D:2)
  11 hobgoblins
  5 jackals
  5 quokkas
  6 ball pythons
  4 bats
  2 frilled lizards
  6 kobolds
  6 rats
309 creatures vanquished.

Vanquished Creatures (collateral kills)
  A hydra (Lair:5)
  3 death yaks
  A skyshark (Lair:5)
  A salamander (Lair:2)
  2 elephants (Lair:1)
  2 black mambas
  2 cane toads
  A gargoyle (D:9)
  A rime drake (Lair:4)
  3 komodo dragons
  2 polar bears
  2 dream sheep (Lair:3)
  A wyvern (D:9)
  2 wraiths (Lair:5)
  11 yaks
  3 basilisks
  4 water moccasins
  A black bear (Lair:1)
  An ice beast (D:8)
  A sky beast (D:7)
  3 wolves (Lair:5)
  2 bullfrogs
  A lava snake (Lair:2)
  An orc priest (D:8)
  2 jellies (Lair:4)
  A hell rat (Lair:1)
  A gnoll (D:8)
  A kobold (D:9)
57 creatures vanquished.

Vanquished Creatures (others)
  3 death yak zombies (Lair:5)
  A hydra zombie (Lair:5)
  A spectral polar bear (Lair:3)
  A human zombie (Lair:5)
  A skyshark zombie (Lair:5)
  3 cane toad zombies (Lair:5)
  An elephant zombie (Lair:5)
  5 water moccasin zombies
  4 yak zombies
  A wolf zombie (Lair:5)
  A centaur zombie (D:9)
  2 hell rat zombies (Lair:1)
  A gnoll zombie (D:8)
  4 orc zombies (D:8)
  49 fungi
  52 plants
130 creatures vanquished.

Grand Total: 496 creatures vanquished

Notes
Turn   | Place    | Note
-------+----------+-------------------------------------------
     0 | D:1      | Arzdou the Hill Orc Fighter began the quest for the Orb.
     0 | D:1      | Reached XP level 1. HP: 19/19 MP: 1/1
    61 | D:1      | Reached skill level 3 in Axes
    63 | D:1      | Reached XP level 2. HP: 26/26 MP: 2/2
   588 | D:2      | Reached XP level 3. HP: 33/33 MP: 3/3
   726 | D:2      | Found a shadowy altar of Dithmenos.
   968 | D:2      | Found a faded altar of an unknown god.
  1396 | D:3      | Reached skill level 4 in Axes
  1396 | D:3      | Reached XP level 4. HP: 39/40 MP: 4/4
  2206 | D:4      | Reached XP level 5. HP: 35/46 MP: 5/5
  2376 | D:4      | Reached skill level 5 in Axes
  2814 | D:4      | Reached skill level 6 in Axes
  2814 | D:4      | Reached XP level 6. HP: 49/53 MP: 6/6
  3006 | D:4      | Upgraded the game from 0.30-a0-1066-g63dfefce0d to
                  | 0.30-a0-1074-g5db6f66fbb
  3008 | D:4      | Noticed Menkaure
  3018 | D:4      | Killed Menkaure
  3019 | D:4      | Reached skill level 7 in Axes
  3019 | D:4      | Reached skill level 1 in Dodging
  3313 | D:5      | Entered Level 5 of the Dungeon
  3470 | D:5      | Reached XP level 7. HP: 51/60 MP: 5/7
  3633 | D:5      | Reached skill level 8 in Axes
  3881 | D:5      | Found Dygud's Neck Hole.
  3891 | D:5      | Reached skill level 9 in Axes
  3894 | D:5      | Bought a scarf of invisibility for 156 gold pieces
  3975 | D:5      | Reached XP level 8. HP: 63/67 MP: 8/8
  4130 | D:5      | Found a staircase to the Ecumenical Temple.
  4157 | Temple   | Entered the Ecumenical Temple
  4274 | D:6      | Reached skill level 5 in Armour
  4304 | D:5      | Reached skill level 5 in Fighting
  4402 | D:6      | Reached skill level 10 in Axes
  4423 | D:6      | Noticed Sigmund
  4525 | D:6      | Killed Sigmund
  4526 | D:6      | Reached skill level 11 in Axes
  4638 | D:6      | Found Jisule's Armour Boutique.
  4640 | D:6      | Found Naoqat's Armour Emporium.
  4641 | D:6      | Found Bifei's Armour Emporium.
  4641 | D:6      | Found Oweot's Book Boutique.
  4687 | D:6      | Found a bloodstained altar of Trog.
  4691 | D:6      | Found a basalt altar of Yredelemnul.
  4702 | D:6      | Became a worshipper of Yredelemnul the Dark
  4796 | D:6      | Reached XP level 9. HP: 75/75 MP: 9/9
  4797 | D:6      | Identified the ring of Suson {rF+ rN+ Will+}
  4857 | D:6      | Noticed Prince Ribbit
  4873 | D:6      | Killed Prince Ribbit
  4874 | D:6      | Reached skill level 12 in Axes
  5307 | D:7      | Reached * piety under Yredelemnul
  5358 | D:7      | Reached ** piety under Yredelemnul
  5358 | D:7      | Reached skill level 13 in Axes
  5563 | D:7      | Found a hazy altar of Hepliaklqana.
  5632 | D:7      | Reached skill level 1 in Stealth
  5822 | D:7      | Found a glowing silver altar of Zin.
  6162 | D:8      | Reached *** piety under Yredelemnul
  6164 | D:8      | Reached XP level 10. HP: 84/84 MP: 10/10
  6179 | D:8      | Found a runed translucent gate.
  6180 | D:8      | Found a runed translucent gate.
  6181 | D:8      | Found a runed translucent gate.
  6182 | D:8      | Noticed hackum's ghost (novice OpGl)
  6369 | D:8      | Killed hackum's ghost
  6370 | D:8      | Reached skill level 14 in Axes
  6671 | D:8      | Reached skill level 5 in Shields
  7272 | D:9      | Reached skill level 15 in Axes
  7317 | D:9      | Noticed a gargoyle
  7330 | D:9      | Killed a gargoyle
  7403 | D:9      | Found a staircase to the Lair.
  7598 | D:9      | Reached skill level 1 in Evocations
  7692 | D:9      | Reached XP level 11. HP: 64/94 MP: 6/11
  7979 | D:6      | Bought a +0 helmet of see invisible for 126 gold pieces
  8073 | D:10     | Entered Level 10 of the Dungeon
  8106 | D:10     | Reached skill level 16 in Axes
  8308 | D:10     | Reached skill level 1 in Invocations
  8590 | D:10     | Reached **** piety under Yredelemnul
  8593 | D:10     | Reached ***** piety under Yredelemnul
  8672 | D:11     | Noticed a two-headed ogre
  8746 | D:11     | Noticed a cyclops
  8785 | Lair:1   | Entered Level 1 of the Lair of Beasts
  9589 | Lair:1   | Reached skill level 17 in Axes
  9717 | Lair:1   | Reached ****** piety under Yredelemnul
  9842 | Lair:1   | Reached XP level 12. HP: 104/104 MP: 15/15
 10656 | Lair:2   | Found a runed translucent door.
 10658 | Lair:2   | Noticed bmj180's ghost (journeyman MfIE)
 10659 | Lair:2   | Identified the +9 trident of Starshine {flame, rC+ Str+4}
 10686 | Lair:2   | Found a staircase to the Snake Pit.
 10698 | Lair:2   | Reached skill level 5 in Invocations
 11635 | Lair:3   | Reached skill level 10 in Fighting
 11775 | Lair:3   | Noticed a skyshark
 11803 | Lair:3   | Killed a skyshark
 11908 | Lair:3   | Found a transporter.
 11953 | Lair:3   | Reached skill level 10 in Armour
 12181 | Lair:3   | Found a staircase to the Swamp.
 12404 | Lair:3   | Reached skill level 18 in Axes
 12449 | Lair:3   | Found a transporter.
 12453 | Lair:3   | Noticed Pyga's ghost (journeyman DrCj)
 13162 | Lair:4   | Learned a level 2 spell: Passwall
 13180 | Lair:4   | Learned a level 5 spell: Silence
 13190 | Lair:4   | Identified the +5 scale mail of Boredom {rElec SInv Stlth-}
 13214 | Lair:4   | Reached XP level 13. HP: 100/116 MP: 18/18
 13502 | Lair:4   | Found a staircase to the Slime Pits.
 13614 | Lair:5   | Entered Level 5 of the Lair of Beasts
 14371 | Lair:5   | Identified the +5 whip "Adwyph" {flame, rElec rC+ Will+
                  | Str-4}
 15012 | Lair:5   | Noticed Josephine
 15040 | Lair:5   | Killed Josephine
 15283 | Lair:5   | Your ally Josephine died
 15288 | Lair:5   | Noticed a dire elephant
 16444 | Lair:5   | Mangled by a dire elephant

Illustrated notes

Levels and vault maps discovered:
D:1:      lightli_arrival_statue_moat, layout_rooms
D:2:      layout_basic, shapermc_ecumenical_altar_totnotflames, basic_altar
D:3:      layout_basic
D:4:      layout_loops_ring, serial_rivers, chequers_serial_rivers_small_3,
          chequers_serial_rivers_micro_c, chequers_serial_rivers_micro_b,
          chequers_serial_rivers_micro_b, chequers_serial_rivers_micro_c,
          chequers_serial_rivers_room_b, hangedman_minor_gate_pass,
          uniq_menkaure
D:5:      layout_loops_cross, minmay_temple_entry_mist,
          hangedman_decor_slide_cut, nicolae_shop_sticking_my_neck_out
D:6:      layout_basic, mainiacjoe_overflow_large_starburst, grunt_ministairs_4,
          nicolae_wooded_promenade, minmay_misc_feat_tiny,
          dreamdust_princess_bridge, uniq_sigmund, uniq_prince_ribbit1
D:7:      layout_basic, mainiacjoe_overflow_surrounded_room, zin_treasury,
          hangedman_decor_peaks_small, dreamdust_gnoll_farm
D:8:      layout_rooms, ebering_ghost_rock_garden
D:9:      layout_long_grid, lair_entry_dummy, serial_bayou_pond_e,
          kennysheep_generic_room_7
D:10:     layout_gridville
D:11:     layout_loops_cross
Temple:   nicolae_temple_no_exploring_needed
Lair:1:   layout_long_grid, gammafunk_lair_bear_cave, grunt_megastairs_4
Lair:2:   layout_chaotic_city, nicolae_snake_entry_warm_welcome,
          ebering_ghost_funeral_grove, dpeg_stationary_puzzle
Lair:3:   layout_cave_pods, swamp_mist, gammafunk_ghost_berserking_beasts,
          minivault_19, chequers_serial_rivers_marsh, ldierk_geyser
Lair:4:   layout_big_grid, nicolae_slime_entry_field_trip, lemuel_old_faithful
Lair:5:   grunt_lair_end_beastmaster, layout_gridlike, grunt_megastairs_1,
          uniq_josephine

Skill      XL: |  1  2  3  4  5  6  7  8  9 10 11 12 13 |
---------------+----------------------------------------+-----
Axes           | 3 4 6 7 9 11 13 15 17 18 | 18.0
Fighting       | 4 5 6 8 9 11 12 | 12.1
Armour         | 4 5 6 7 9 10 11 | 11.7
Dodging        | 1 2 3 |  3.8
Shields        | 4 5 6 8 9 |  9.9
Stealth        | 1 2 3 |  3.6
Evocations     | 1 |  1.0
Invocations    | 4 7 9 |  9.6

Action                     |  1- 3 |  4- 6 |  7- 9 | 10-12 | 13-15 || total
---------------------------+-------+-------+-------+-------+-------++-------
  Melee: War axe           |   101 |   127 |   284 |   610 |   112 ||  1234
         Hand axe          |       |       |       |       |   244 ||   244
 Invoke: Dark Bargain      |       |       |     1 |     1 |       ||     2
         Recall Undead Har |       |       |       |     8 |       ||     8
         Bind Soul         |       |       |       |     1 |       ||     1
  Evoke: Wand              |       |       |       |     8 |     2 ||    10
    Use: Scroll            |     1 |    15 |       |    10 |     3 ||    29
         Potion            |       |       |       |     1 |     3 ||     4
   Stab: Distracted        |       |       |     1 |     7 |     5 ||    13
 Armour: Scale mail        |    44 |    49 |    88 |       |       ||   181
         Chain mail        |       |       |    90 |   304 |   121 ||   515
  Dodge: Dodged            |    73 |    82 |   122 |   204 |   113 ||   594
         Repelled          |     1 |     3 |       |       |       ||     4
  Block: Buckler           |    21 |    25 |    67 |    16 |       ||   129
         Kite shield       |       |       |       |   271 |   211 ||   482

Table legend: (Time is in decaauts)
 A = Elapsed time spent in this place.
 B = Non-inter-level travel time spent in this place.
 C = Inter-level travel time spent in this place.
 D = Time resting spent in this place.
 E = Time spent auto-exploring this place.
 F = Levels seen in this place.
 G = Mean time per level.
                   A        B        C        D        E       F      G
               +--------+--------+--------+--------+--------+-----+--------+
         Total |  16404 |  15503 |    901 |      0 |  12123 |  17 |  964.9 |
       Dungeon |   9085 |   8267 |    818 |      0 |   6457 |  11 |  825.9 |
        Temple |      1 |      1 |      0 |      0 |      0 |   1 |    1.0 |
          Lair |   7317 |   7234 |     83 |      0 |   5665 |   5 | 1463.4 |
               +--------+--------+--------+--------+--------+-----+--------+

Top non-repeatable levels by time:
  Lair:5: 1822 daAuts
  Lair:4: 1578 daAuts
  Lair:1: 1472 daAuts
  Lair:3: 1469 daAuts
     D:8: 1260 daAuts
     D:4: 1246 daAuts
     D:5: 1052 daAuts
     D:6: 994 daAuts
  Lair:2: 974 daAuts
     D:9: 937 daAuts
     D:3: 841 daAuts
     D:2: 757 daAuts
     D:7: 734 daAuts
    D:10: 676 daAuts
     D:1: 582 daAuts
